 Dungeon Crawl Stone Soup version 0.32-a0-5-gbffa963729 (webtiles) character file.

Game seed: 2135814075587832828

200 Flugslaktarn the Trooper (level 5, -3/48 HPs)
             Began as a Minotaur Fighter on Jan 13, 2024.
             Slain by a kobold brigand
             ... wielding a +1 dagger of venom
              (5 damage)
             ... on level 3 of the Dungeon.
             The game lasted 00:00:55 (1701 turns).

Flugslaktarn the Trooper (Minotaur Fighter)         Turns: 1701, Time: 00:00:56

Health: -3/48      AC:  9    Str: 23    XL:     5   Next: 48%
Magic:  4/4        EV:  8    Int:  5    God:
Gold:   150        SH:  4    Dex:  9    Spells: 4/4 levels left

rFire   . . .        j - +1 war axe (heavy)
rCold   . . .        c - +0 buckler
rNeg    . . .        h - +0 chain mail
rPois   .            (helmet restricted)
rElec   .            (no cloak)
rCorr   .            (no gloves)
SInv    .            (no boots)
Will    .....        (no amulet) Stlth
                     (no ring)
HPRegen 0.28/turn    (no ring)
MPRegen 0.09/turn

%: no passive effects
@: lethally poisoned (-3 -> -14), slowed, invisible, very slow
A: horns 2, retaliatory headbutt
a: no special abilities


You were on level 3 of the Dungeon.
You visited 1 branch of the dungeon, and saw 3 of its levels.

You collected 150 gold pieces.

Inventory:

Hand Weapons
 a - a +0 war axe
 j - a +1 heavy war axe (weapon)
   (You took it off an orc on level 3 of the Dungeon)
 l - a +2 hand axe of flaming
   (You found it on level 3 of the Dungeon)
Armour
 c - a +0 buckler (worn)
 h - a +0 chain mail (worn)
   (You found it on level 2 of the Dungeon)
Scrolls
 b - a scroll of revelation {unknown}
 f - a scroll of torment {unknown}
 k - a scroll of identify {unknown}
 m - a scroll of fear {unknown}
Potions
 d - 3 potions of might
 e - a potion of invisibility
 g - a potion of berserk rage {unknown}
 i - 2 potions of curing {unknown}


   Skills:
 * Level 5.3 Fighting
 * Level 4.5 Axes
 + Level 4.5 Armour
 + Level 4.3 Shields


You had 4 spell levels left.
You didn't know any spells.
Your spell library was empty.

Dungeon Overview and Level Annotations

Branches:
Dungeon (3/15)

Altars:

Annotations:
D:2 1 runed translucent door, Crazy Yiuf


Innate Abilities, Weirdness & Mutations

You have a pair of horns on your head.
You reflexively headbutt those who attack you in melee.


Message History

No reachable target in view!
No reachable target in view!
No reachable target in view!
No reachable target in view!
No reachable target in view!
A kobold is nearby!
A kobold comes into view. It is wielding a +0 dagger.
A kobold comes into view. It is wielding a +0 dagger.
The kobold shouts! x2
A hobgoblin comes into view. It is wielding a +0 club.
The hobgoblin shouts!
The kobold hits you with a +0 dagger.
You slash the kobold!
You kill the kobold!
You barely miss the kobold. The kobold hits you but does no damage.
The kobold barely misses you.
A hobgoblin comes into view. It is wielding a +0 club.
You closely miss the kobold. Your headbutt misses the kobold.
You block the kobold's attack. The kobold hits you but does no damage.
You barely miss the kobold. x2; The kobold hits you but does no damage.
You block the kobold's attack. x2; The kobold hits you but does no damage.
You slash the kobold!
You kill the kobold!
You closely miss the kobold. You block the kobold's attack.
You slice the kobold!!
You kill the kobold!
You hit the hobgoblin but do no damage. The hobgoblin closely misses you.
The hobgoblin barely misses you. You block the hobgoblin's attack.
You hit the hobgoblin.
You kill the hobgoblin!
You hit the hobgoblin.
You kill the hobgoblin!
No target in view!
No target in view!
Items here: ))) †††. 2 kobolds come into view.
The kobold shouts!
A kobold comes into view. It is wielding a +0 dagger.
There are monsters nearby!
There are monsters nearby!
The kobold shouts!
You hear a shout!
A kobold brigand comes into view.
It is wielding a +0 club and quivering curare-tipped darts.
The kobold brigand shouts!
A kobold brigand comes into view.
It is wielding a +1 dagger of venom and quivering poisoned darts.
You block the kobold's attack.
A kobold comes into view. It is wielding a +0 club.
You block the kobold's attack.
The kobold shouts!
You slice the kobold!!
You kill the kobold!
You barely miss the kobold. The kobold closely misses you.
The kobold hits you with a +0 dagger.
You slash the kobold!
You kill the kobold!
You closely miss the kobold.
The kobold brigand throws a curare-tipped dart.
The curare-tipped dart hits you.
You are poisoned.
You have difficulty breathing.
You feel yourself slow down.
The kobold brigand throws a poisoned dart.
The poisoned dart hits you!
You are more poisoned.
The kobold hits you but does no damage. x2
You slash the kobold brigand!
The kobold brigand is moderately wounded.
You hit the kobold.
You feel extremely sick.
The kobold brigand hits you but does no damage.
The kobold hits you but does no damage. x2
The kobold brigand completely misses you.
The kobold brigand hits you but does no damage.
You are more poisoned.
You block the kobold's attack.
The kobold brigand hits you with a +1 dagger of venom.
The kobold brigand barely misses you.
You barely miss the kobold. You headbutt the kobold.
You kill the kobold!
You closely miss the kobold brigand. You hit the kobold brigand.
* * * LOW HITPOINT WARNING * * *
You feel extremely sick. The kobold brigand closely misses you.
The kobold brigand barely misses you. x2
You furiously retaliate!
You headbutt the kobold brigand!
The kobold brigand hits you with a +1 dagger of venom.
* * * LOW HITPOINT WARNING * * *
You are more poisoned.
The kobold hits you but does no damage. You block the kobold brigand's attack.
You are too injured to fight recklessly!
You are too injured to fight recklessly!
There is a lethal amount of poison in your body!
You are too injured to fight recklessly!
There is a lethal amount of poison in your body!
You are too injured to fight recklessly!
It was a potion of invisibility.
You fade into invisibility!
* * * LOW HITPOINT WARNING * * *
You feel very sick.
The kobold brigand hits you but does no damage.
You block the kobold's attack.
The kobold brigand hits you with a +1 dagger of venom.
You die...

#......#
#............
#......# .#
#............
#......#
.###............
#......#
..##............
#......##
..##............
#.......# ##..
#............
#####...# #..#
#.........###
#...# #KK#
#.........# #...#
#@K# ##...######
#...# #..# #...#
#...#
##..#~##...#
#...#
#..##~##...#####
#####
##..#~~##.......#
#..##~~####.....#
#..#≈≈~~# #.....#
#..#≈≈~~# #.....#
#..#≈~~~###.....#


You could see 2 kobold brigands and a kobold (unable to see you).

Vanquished Creatures
  Jessica (D:2)
  Natasha (thrice) (D:2)
  2 adders (D:3)
  A ribbon worm (D:3)
  3 dart slugs
  An orc (D:3)
  5 ball pythons
  6 endoplasms
  2 giant cockroaches
  7 hobgoblins
  8 jackals (D:1)
  3 quokkas (D:1)
  5 bats
  4 frilled lizards
  2 goblins (D:2)
  13 kobolds
  3 rats
69 creatures vanquished.

Notes
Turn   | Place    | Note
-------+----------+-------------------------------------------
     0 | D:1      | Flugslaktarn the Minotaur Fighter began the quest for the
                  | Orb.
     0 | D:1      | Reached XP level 1. HP: 19/19 MP: 0/0
    55 | D:1      | Reached XP level 2. HP: 27/27 MP: 1/1
    75 | D:1      | Reached skill level 4 in Fighting
   210 | D:1      | Reached XP level 3. HP: 29/33 MP: 2/2
   556 | D:2      | Noticed Natasha
   564 | D:2      | Killed Natasha
   816 | D:2      | Reached XP level 4. HP: 41/41 MP: 3/3
   818 | D:2      | Noticed Jessica
   826 | D:2      | Killed Jessica
   929 | D:2      | Noticed Natasha
   934 | D:2      | Killed Natasha
  1153 | D:2      | Noticed Natasha
  1159 | D:2      | Killed Natasha
  1160 | D:2      | Reached skill level 5 in Fighting
  1160 | D:2      | Reached XP level 5. HP: 46/48 MP: 4/4
  1283 | D:2      | Found a runed translucent door.
  1284 | D:2      | Noticed Crazy Yiuf
  1286 | D:2      | Identified the +4 hammer "Worm's Wrath" {protect, rN+ Int+3
                  | SInv}
  1701 | D:3      | HP: 2/48 [poisoned by a kobold brigand]
  1701 | D:3      | Slain by a kobold brigand

Illustrated notes

Levels and vault maps discovered:
D:1:      dpeg_arrival_fog, layout_rooms
D:2:      layout_basic, nicolae_figureground_sparkle, uniq_jessica,
          uniq_natasha, uniq_crazy_yiuf_cottage
D:3:      cheibrodos_thug_alley, layout_basic, nrook_mini_vaults,
          corexii_corridor_pit, kennysheep_generic_room_10

Skill      XL: |  1  2  3  4 |
---------------+-------------+-----
Fighting       | 4 5 |  5.3
Axes           | 3 4 |  4.5
Armour         | 4 |  4.5
Shields        | 4 |  4.3

Action                     |  1- 3 |  4- 6 || total
---------------------------+-------+-------++-------
  Melee: War axe           |    59 |    68 ||   127
         Headbutt          |     5 |    10 ||    15
    Use: Potion            |       |     1 ||     1
 Armour: Scale mail        |    50 |       ||    50
         Chain mail        |     3 |    56 ||    59
  Dodge: Dodged            |    39 |    29 ||    68
  Block: Buckler           |    21 |    34 ||    55

Table legend: (Time is in decaauts)
 A = Elapsed time spent in this place.
 B = Non-inter-level travel time spent in this place.
 C = Inter-level travel time spent in this place.
 D = Time resting spent in this place.
 E = Time spent auto-exploring this place.
 F = Levels seen in this place.
 G = Mean time per level.
                   A        B        C        D        E       F      G
               +--------+--------+--------+--------+--------+-----+--------+
         Total |   1773 |   1689 |     84 |      0 |   1296 |   3 |  591.0 |
       Dungeon |   1773 |   1689 |     84 |      0 |   1296 |   3 |  591.0 |
               +--------+--------+--------+--------+--------+-----+--------+

Top non-repeatable levels by time:
     D:2: 878 daAuts
     D:1: 478 daAuts
     D:3: 416 daAuts
